 Dungeon Crawl Stone Soup version 0.22.1-1-ga44c0e5 (webtiles) character file.

22420 Starchild the Geomancer (level 12, -10/88 HPs)
             Began as a Deep Dwarf Earth Elementalist on Sept 27, 2018.
             Was an Elder of Makhleb.
             Mangled by an orc warrior
             ... wielding a +0 dire flail
             ... led by an orc knight
              (30 damage)
             ... on level 1 of the Orcish Mines on Sept 29, 2018.
             The game lasted 01:54:07 (14422 turns).

Starchild the Geomancer (DDEE)                     Turns: 14422, Time: 01:54:08

Health: -10/88     AC: 11    Str: 12    XL:     12   Next: 62%
Magic:  2/13       EV: 17    Int: 21    God:    Makhleb [****..]
Gold:   1505       SH:  5    Dex: 13    Spells: 3/20 levels left

rFire    . . .     SeeInvis +   s - +7 scimitar of Slime {drain, SInv}
rCold    . . .     Gourm    .   M - +0 buckler
rNeg     . . .     Faith    .   H - +1 leather armour {rPois}
rPois    +         Spirit   .   p - +0 helmet
rElec    .         Reflect  .   C - +0 cloak
rCorr    +         Harm     .   F - +0 pair of gloves
MR       ++...                  E - +0 pair of boots
Stlth    ++........             (no amulet)
HPRegen  0.00/turn              k - ring of protection from magic
MPRegen  0.13/turn              n - ring of resist corrosion

@: non-regenerating
A: damage resistance, heal wounds, sense surroundings 2, no regeneration
a: Heal Wounds, Minor Destruction, Lesser Servant of Makhleb, Major Destruction,
Renounce Religion


You were on level 1 of the Orcish Mines.
You worshipped Makhleb.
Makhleb was greatly pleased with you.
You were hungry.

You visited 3 branches of the dungeon, and saw 16 of its levels.
You also visited: Labyrinth, Sewer and Volcano.

You collected 1505 gold pieces.

Inventory:

Hand Weapons
 a - the cursed +1 long sword "Ojup" {vamp, rPois MR++ Int-5 Dex+3}
   (You found it on level 10 of the Dungeon)

   It inflicts no extra harm, but heals its wielder when it wounds a living foe.
   It affects your intelligence (-5).
   It affects your dexterity (+3).
   It protects you from poison.
   It affects your resistance to hostile enchantments.
   It has a curse placed upon it.
 c - the +9 spear of Recklessness {antimagic, MR+ Dex+3}
   (You found it in a labyrinth)

   It reduces the magical energy of the wielder, and disrupts the spells and
   magical abilities of those hit.
   Natural abilities and divine invocations are not affected.
   It affects your dexterity (+3).
   It affects your resistance to hostile enchantments.
 h - a +2 dagger of holy wrath
 s - the +7 scimitar of Slime (weapon) {drain, SInv}
   (You found it in a labyrinth)

   A truly terrible weapon, it drains the life of those it strikes.
   It lets you see invisible.
Missiles
 i - 13 stones (quivered)
 l - 16 javelins
 J - 158 arrows
Armour
 p - a +0 helmet (worn)
 x - a +2 robe of magic resistance
 z - a +2 scale mail of cold resistance
 C - a +0 cloak (worn)
 E - a +0 pair of boots (worn)
 F - a +0 pair of gloves (worn)
 H - a +1 leather armour of poison resistance (worn)
 M - a +0 buckler (worn)
 S - a +1 leather armour of fire resistance
Magical Staves
 B - an uncursed staff of summoning {unknown}
Jewellery
 k - a ring of protection from magic (left hand)
 n - a ring of resist corrosion (right hand)
 y - a cursed -3 ring of dexterity {unknown}
 L - the ring of Lewu {rPois Str+3 Stlth-, unknown}
   (You found it in a labyrinth)

   [ring of attention]

   It affects your strength (+3).
   It protects you from poison.
   It makes you less stealthy.
 N - an uncursed ring of ice
 U - an uncursed ring of magical power {unknown}
 V - a +2 ring of evasion {unknown}
Wands
 w - a wand of random effects (18)
 D - a wand of clouds (3)
 T - a wand of disintegration (12)
 X - a wand of iceblast (10)
 Z - a wand of polymorph (14)
Scrolls
 f - 7 scrolls of remove curse
 o - 4 scrolls of immolation
 r - 5 scrolls of enchant armour
 u - a scroll of amnesia
 G - a scroll of enchant weapon
 I - a scroll of blinking
 K - a scroll of magic mapping
 P - a scroll of fear
 R - a scroll of vulnerability
 Y - a scroll of fog {unknown}
Potions
 b - a potion of flight
 e - a potion of might
 j - a potion of agility {unknown}
 m - a potion of mutation {unknown}
 q - 5 potions of curing
 t - a potion of brilliance {unknown}
 v - a potion of haste
 O - a potion of cancellation {unknown}
 Q - a potion of degeneration {unknown}
 W - a potion of invisibility {unknown}
Comestibles
 d - 20 rations


   Skills:
 + Level 7.4 Long Blades
 - Level 10.0 Armour
 - Level 9.1 Dodging
 - Level 2.4 Stealth
 - Level 4.8 Shields
 - Level 4.5 Spellcasting
 - Level 5.0 Transmutations
 - Level 12.6 Earth Magic
 - Level 12.0 Invocations


You had 3 spell levels left.
You knew the following spells:

 Your Spells              Type           Power        Failure   Level  Hunger
a - Sandblast             Erth           ######       1%          1    None
b - Passwall              Tmut/Erth      #####...     1%          2    #......
c - Stone Arrow           Conj/Erth      ####..       3%          3    ##.....
d - Lee's Rapid Deconstr  Erth           ######....   2%          5    ######.
e - Petrify               Tmut/Erth      #####...     3%          4    ####...
g - Sticks to Snakes      Tmut           ####....     2%          2    #......

Your spell library contained the following spells:

 Spells                   Type           Power        Failure   Level  Hunger
 Beastly Appendage        Tmut           ####..       1%          1    None
 Animate Skeleton         Necr           N/A          14%         1    None
 Apportation              Tloc           #.....       14%         1    None
 Confusing Touch          Hex            #.....       14%         1    None
 Flame Tongue             Conj/Fire      #....        14%         1    None
 Summon Small Mammal      Summ           #...         14%         1    None
 Spider Form              Tmut/Pois      ###.......   14%         3    ##.....
 Shroud of Golubria       Chrm/Tloc      #.........   22%         2    #......
 Throw Flame              Conj/Fire      #.....       22%         2    #......
 Conjure Flame            Conj/Fire      #.......     38%         3    ##.....
 Gell's Gravitas          Tloc           #.........   38%         3    ##.....
 Inner Flame              Hex/Fire       #.......     38%         3    ##.....
 Lesser Beckoning         Tloc           #.........   38%         3    ##.....
 Recall                   Summ/Tloc      N/A          38%         3    ##.....
 Teleport Other           Tloc           #.......     38%         3    ##.....
 Ice Form                 Ice/Tmut       ###.....     43%         4    ####...
 Blade Hands              Tmut           ####......   43%         5    ######.
 Force Lance              Conj/Tloc      #.......     80%         4    ####...
 Passage of Golubria      Tloc           N/A          80%         4    ####...
 Sticky Flame             Conj/Fire      #.......     80%         4    ####...
 Aura of Abjuration       Summ           #.........   98%         5    ######.
 Fireball                 Conj/Fire      #.........   98%         5    ######.
 Summon Demon             Summ           #.........   98%         5    ######.
 Summon Forest            Summ/Tloc      #.........   98%         5    ######.
 Summon Mana Viper        Hex/Summ       #.......     98%         5    ######.
 Shadow Creatures         Summ           N/A          100%        6    #######


Dungeon Overview and Level Annotations

Branches:
Dungeon (13/15)            Temple (0/1) D:7            Lair (1/6) D:10
    Orc (2/2) D:12            Elf (0/3) Orc:2        Vaults (0/5) D:13

Altars:
Ashenzari
Cheibriados
Fedhas
Hepliaklqana
Kikubaaqudgha
Makhleb
Nemelex Xobeh
Okawaru
Qazlal
Trog
Uskayaw
Vehumet
Wu Jian
Yredelemnul
The Shining One
Beogh

Shops:
D:11 [   Orc:2 *=[*!?(


Innate Abilities, Weirdness & Mutations

You are resistant to damage.
You can heal yourself by infusing magical energy.
You passively map the area around you.
You do not regenerate.


Message History

You feel much better.
The orc warrior no longer looks unusually strong.
The orc knight roars a battlecry!
The orc warrior goes into a battle-frenzy!
The orc warrior closely misses you.
Casting: Sandblast (safe; 1% risk of failure)
Confirm with . or Enter, or press ? or * to list all spells.
Okay, then.
The orc knight unwields an uncursed battleaxe.
The orc knight wields an uncursed arbalest.
The orc knight shoots a bolt.
The bolt barely misses you.
Items here: ( ) [ † an enchanted hand axe; a plate armour; 2 bolts; an orc corpse The orc knight shoots a bolt.
The bolt barely misses you.
The orc knight shoots a bolt.
The bolt hits you!!
* * * LOW HITPOINT WARNING * * *
You see here a bolt.
You closely miss the orc warrior.
The orc warrior hits you with a dire flail!!
You die...

* ,* *.#.. * * ,....# * *
#..#.. , ...... * ## ..
....... ##.##. ,#....##
##.....### #...##
*........###...@#
.........#....o########
*#......#.....#(#.##(## *
*#...........#.(..#)..#
#.#......##...o.#(###
##.#....####.#...(..##
###......####..........#
##.....#..#..........#.##
*
#.....##.........#...#..#


You could see an orc warrior.

Vanquished Creatures
  A minotaur (Lab)
  2 vault guards (D:13)
  An unseen horror (D:11)
  6 orc sorcerers (Orc:2)
  An ugly thing (D:12)
  A wolf spider zombie (D:13)
  A cyclops (D:11)
  Joseph (Lair:1)
  A centaur zombie (D:13)
  2 ice devils (Orc:2)
  2 polar bears (Lair:1)
  A hornet (D:11)
  5 trolls
  4 blink frogs (Lair:1)
  3 hippogriffs
  A slime creature (D:13)
  2 flying skulls (Volcano)
  A spriggan (D:11)
  3 wyverns
  12 yaks
  2 wraiths
  A basilisk (Lair:1)
  10 wargs
  Menkaure (D:6)
  An acid dragon (D:11)
  Duvessa (D:6)
  10 orc warriors
  6 ice beasts
  4 black bears
  An eye of draining (D:11)
  2 sky beasts
  2 phantoms
  3 ogres
  6 centaurs
  A crocodile (Lair:1)
  2 big kobolds
  Blork the orc (D:4)
  12 bullfrogs
  2 gnoll sergeants (D:9)
  Dowan (D:6)
  3 scorpions
  7 killer bees
  2 howler monkeys (D:7)
  A troll skeleton (Volcano)
  3 crimson imps
  5 hounds
  2 bullfrog zombies
  A quasit (D:8)
  Crazy Yiuf (D:5)
  2 bullfrog skeletons
  9 orc priests
  4 jellies
  2 centaur skeletons
  43 orc wizards
  3 iguanas
  5 worker ants
  A hound skeleton (D:6)
  A howler monkey zombie (D:5)
  A howler monkey skeleton (D:11)
  A worker ant zombie (D:5)
  17 gnolls
  13 adders
  3 river rats (Sewer)
  A shadow imp (D:11)
  An adder zombie (D:7)
  2 oozes
  An adder skeleton (D:5)
  A worm (D:8)
  2 dart slugs (D:1)
  9 leopard geckos
  71 orcs
  3 bats
  2 giant cockroaches
  5 goblins
  5 hobgoblins
  7 jackals
  20 kobolds
  7 quokkas
  2 ball pythons
  10 frilled lizards
  A jackal skeleton (D:4)
  A quokka skeleton (D:10)
  10 rats
411 creatures vanquished.

Vanquished Creatures (collateral kills)
  A bullfrog (D:13)
1 creature vanquished.

Vanquished Creatures (others)
  A gargoyle (Volcano)
  A flying skull (Volcano)
  An alligator skeleton (Volcano)
  An orc wizard (Orc:2)
  6 fungi (Lair:1)
  A plant (Lair:1)
11 creatures vanquished.

Grand Total: 423 creatures vanquished

Notes
Turn   | Place    | Note
-------+----------+-------------------------------------------
     0 | D:1      | Starchild the Deep Dwarf Earth Elementalist began the quest
                  | for the Orb.
     0 | D:1      | Reached XP level 1. HP: 15/15 MP: 3/3
   256 | D:1      | Reached XP level 2. HP: 17/22 MP: 1/4
   416 | D:1      | Reached skill level 5 in Earth Magic
   444 | D:1      | Learned a level 2 spell: Passwall
   748 | D:2      | Reached XP level 3. HP: 13/28 MP: 3/5
   890 | D:2      | Found a radiant altar of Vehumet.
   891 | D:2      | Found a hide-covered altar of Uskayaw.
   962 | D:2      | Found an ancient bone altar of Kikubaaqudgha.
  1176 | D:2      | Found an ornate altar of the Wu Jian Council.
  1176 | D:2      | Found a burning altar of Makhleb.
  1184 | D:2      | Became a worshipper of Makhleb the Destroyer
  1260 | D:2      | Reached XP level 4. HP: 13/36 MP: 6/6
  1621 | D:3      | Found a glowing drain.
  1699 | Sewer    | Entered a sewer
  1754 | Sewer    | Reached skill level 1 in Invocations
  1825 | Sewer    | Noticed a big kobold
  1851 | Sewer    | Killed a big kobold
  1851 | Sewer    | Reached XP level 5. HP: 25/42 MP: 4/7
  1896 | Sewer    | Found a white marble altar of Elyvilon.
  2374 | D:3      | Reached * piety under Makhleb
  2643 | D:4      | Noticed Blork the orc
  2659 | D:5      | Entered Level 5 of the Dungeon
  2669 | D:5      | Learned a level 3 spell: Stone Arrow
  2696 | D:4      | Killed Blork the orc
  2696 | D:4      | Reached XP level 6. HP: 49/49 MP: 5/8
  3466 | D:5      | Found a bloodstained altar of Trog.
  3500 | D:5      | Found a shattered altar of Ashenzari.
  3606 | D:5      | Reached XP level 7. HP: 20/55 MP: 6/9
  3689 | D:5      | Found a runed door.
  3693 | D:5      | Noticed Crazy Yiuf
  3698 | D:5      | Killed Crazy Yiuf
  3698 | D:5      | Reached skill level 10 in Earth Magic
  3991 | D:6      | Noticed Dowan
  4025 | D:6      | Reached ** piety under Makhleb
  4127 | D:6      | Reached skill level 5 in Invocations
  4127 | D:6      | Reached XP level 8. HP: 40/62 MP: 8/11
  4134 | D:6      | Noticed Menkaure
  4139 | D:6      | Killed Menkaure
  4256 | D:6      | Reached skill level 1 in Transmutations
  4351 | D:6      | Noticed Duvessa
  4389 | D:6      | Killed Duvessa
  4391 | D:6      | Killed Dowan
  5020 | D:7      | Found a shattered altar of Ashenzari.
  5086 | D:7      | Found a staircase to the Ecumenical Temple.
  5266 | D:7      | Found a blossoming altar of Fedhas.
  5307 | D:7      | Found a stormy altar of Qazlal.
  5413 | D:7      | Gained mutation: You passively map the area around you.
                  | [Deep Dwarf growth]
  5413 | D:7      | Reached XP level 9. HP: 68/68 MP: 1/15
  5683 | D:7      | Found an iron altar of Okawaru.
  5820 | D:8      | Found a hazy altar of Hepliaklqana.
  5832 | D:8      | Learned a level 5 spell: Lee's Rapid Deconstruction
  6031 | D:8      | You fall through a shaft for 3 floors!
  6126 | D:11     | Found an iron altar of Okawaru.
  6165 | D:11     | Reached skill level 5 in Transmutations
  6172 | D:11     | Reached *** piety under Makhleb
  6287 | D:11     | Reached skill level 10 in Invocations
  6300 | D:11     | Killed an unseen horror
  6392 | D:11     | Reached XP level 10. HP: 28/75 MP: 11/18
  6411 | D:11     | Learned a level 4 spell: Petrify
  6413 | D:11     | Learned a level 1 spell: Beastly Appendage
  6416 | D:11     | Learned a level 2 spell: Sticks to Snakes
  6506 | D:11     | Reached skill level 1 in Shields
  6754 | D:11     | Noticed a cyclops
  6800 | D:10     | Entered Level 10 of the Dungeon
  7453 | D:8      | Found a snail-covered altar of Cheibriados.
  7556 | D:8      | Reached skill level 1 in Armour
  7648 | D:8      | Reached **** piety under Makhleb
  7907 | D:8      | Found a glowing golden altar of the Shining One.
  7909 | D:8      | Noticed an angel
  7933 | D:8      | Found a basalt altar of Yredelemnul.
  7935 | D:8      | Noticed a profane servitor
  8466 | D:9      | Found a sparkling altar of Nemelex Xobeh.
  9103 | D:10     | Found a bloodstained altar of Trog.
  9137 | D:10     | Found a staircase to the Lair.
  9229 | D:10     | Reached skill level 5 in Dodging
  9471 | D:10     | Got a translucent long sword
  9538 | D:10     | Reached XP level 11. HP: 80/81 MP: 13/20
  9694 | D:10     | Identified the cursed +1 long sword "Ojup" {vamp, rPois
                  | MR++ Int-5 Dex+3} (You found it on level 10 of the Dungeon)
  9902 | D:11     | Found Gaonn's Armour Boutique.
 10096 | D:11     | Reached skill level 5 in Armour
 10469 | D:12     | Found a staircase to the Orcish Mines.
 10624 | D:12     | Noticed a cyan ugly thing
 10631 | D:12     | Killed a cyan ugly thing
 11658 | D:13     | Found a gate to the Vaults.
 11658 | D:13     | Noticed a vault guard
 11658 | D:13     | Noticed a vault guard
 11658 | D:13     | Noticed a vault guard
 11658 | D:13     | Noticed a vault guard
 11680 | D:13     | Killed a vault guard
 11706 | D:13     | Killed a vault guard
 11803 | Orc:1    | Entered Level 1 of the Orcish Mines
 11822 | Orc:1    | Found a dark tunnel.
 11981 | Volcano  | Entered a volcano
 12146 | Volcano  | Noticed a skeletal warrior
 12158 | Volcano  | HP: 4/81 [skeletal warrior/halberd of flaming (4)]
 12163 | Volcano  | Noticed a skeletal warrior
 12262 | Orc:2    | Entered Level 2 of the Orcish Mines
 12262 | Orc:2    | Found a labyrinth entrance.
 12274 | Lab      | Entered a labyrinth
 12526 | Lab      | Noticed a minotaur
 12558 | Lab      | Killed a minotaur
 12576 | Lab      | Identified the Grimoire of the Voyage
 12585 | Lab      | Got a bloodstained spear
 12585 | Lab      | Got an iridescent scimitar
 12585 | Lab      | Got a pitted hunting sling
 12585 | Lab      | Got a steaming iron ring
 12592 | Lab      | Identified the +9 spear of Recklessness {antimagic, MR+
                  | Dex+3} (You found it in a labyrinth)
 12593 | Lab      | Identified the +7 scimitar of Slime {drain, SInv} (You
                  | found it in a labyrinth)
 12594 | Lab      | Identified the +7 hunting sling "Olafuurph" {freeze,
                  | Fragile rElec rC++ Stlth+} (You found it in a labyrinth)
 12602 | Orc:2    | Noticed an orc sorcerer
 12676 | Orc:2    | Killed an orc sorcerer
 12676 | Orc:2    | Reached XP level 12. HP: 39/88 MP: 11/14
 12722 | Orc:2    | Reached skill level 10 in Armour
 12741 | Orc:2    | Reached skill level 1 in Long Blades
 12884 | Orc:2    | Found Levoihoa's General Store.
 12884 | Orc:2    | Found Wuholl's Jewellery Shop.
 12930 | Orc:2    | Found a roughly hewn altar of Beogh.
 13060 | Orc:2    | Found Tym Xae's Magic Scroll Shop.
 13060 | Orc:2    | Found Viat's Distillery.
 13105 | Orc:2    | Found Kouberr's Antique Weapon Boutique.
 13124 | Orc:2    | Found a staircase to the Elven Halls.
 13247 | Orc:2    | Found Vuosokufra's Assorted Antiques.
 13266 | Orc:2    | Reached skill level 5 in Long Blades
 13428 | Orc:2    | Found Womuygec's Antique Armour Emporium.
 13988 | Lair:1   | Entered Level 1 of the Lair of Beasts
 14012 | Lair:1   | Noticed Joseph
 14024 | Lair:1   | Killed Joseph
 14422 | Orc:1    | Mangled by an orc warrior

Skill      XL: |  1  2  3  4  5  6  7  8  9 10 11 12 |
---------------+-------------------------------------+-----
Earth Magic    | 5 6 7 8 9 11 12 | 12.6
Invocations    | 2 3 5 8 10 12 | 12.0
Transmutations | 3 5 |  5.0
Spellcasting   | 4 |  4.5
Shields        | 4 |  4.8
Armour         | 4 9 10 | 10.0
Dodging        | 5 9 |  9.1
Long Blades    | 7 |  7.4
Stealth        | |  2.4

Action                   |  1- 3 |  4- 6 |  7- 9 | 10-12 || total
-------------------------+-------+-------+-------+-------++-------
Melee: Club              |    13 |       |       |       ||    13
       Dagger            |    54 |   262 |   114 |   246 ||   676
       Scimitar          |       |       |       |   223 ||   223
Throw: Tomahawk          |       |     2 |     1 |    12 ||    15
       Javelin           |       |       |       |     4 ||     4
 Cast: Sandblast         |    28 |    39 |    91 |   168 ||   326
       Stone Arrow       |       |     3 |    28 |    74 ||   105
       Passwall          |       |       |     2 |     1 ||     3
       Lee's Rapid Decon |       |       |     2 |    40 ||    42
       Petrify           |       |       |       |     4 ||     4
Invok: Minor Destruction |       |       |     1 |    72 ||    73
       Lesser Servant of |       |       |       |     7 ||     7
       Major Destruction |       |       |       |     1 ||     1
 Abil: Heal Wounds       |       |     7 |     1 |    19 ||    27
  Use: Scroll            |       |     6 |     1 |    18 ||    25
       Potion            |       |       |       |     7 ||     7
 Stab: Sleeping          |     4 |     4 |     2 |     2 ||    12
       Petrified         |       |       |       |     4 ||     4
       Distracted        |       |       |       |     2 ||     2
  Eat: Chunk             |     1 |     7 |    10 |    27 ||    45
       Ration            |       |     1 |     1 |     5 ||     7
Armor: Robe              |    11 |     2 |       |       ||    13
       Leather armour    |       |    69 |    54 |   187 ||   310
Dodge: Dodged            |    49 |   205 |    79 |   531 ||   864
Block: Buckler           |       |       |       |   172 ||   172
       Rpst.: Scimitar   |       |       |       |    72 ||    72
